 Dungeon Crawl Stone Soup version 0.22-a0-448-g1fb7470005 (webtiles) character file.

87 Oravi the Changer (level 4, 0/32 HPs)
             Began as a Merfolk Transmuter on June 4, 2018.
             Was an Initiate of Ashenzari.
             Succumbed to an adder's poison
             ... on level 2 of the Dungeon.
             The game lasted 00:03:15 (1404 turns).

Oravi the Changer (Merfolk Transmuter)              Turns: 1404, Time: 00:03:16

Health: 0/32       AC:  2    Str: 14 (15) XL:     4   Next: 51%
Magic:  4/7        EV: 20    Int: 16 (18) God:    Ashenzari [......]
Gold:   158        SH:  0    Dex: 16 (19) Spells: 1/7 levels left

rFire    + . .     SeeInvis .     - Unarmed
rCold    + . .     Gourm    .   (shield currently unavailable)
rNeg     . . .     Faith    .   (armour currently unavailable)
rPois    .         Spirit   .   (helmet currently unavailable)
rElec    +         Reflect  .   (cloak currently unavailable)
rCorr    +         Harm     .   (gloves currently unavailable)
MR       .....                  (boots currently unavailable)
Stlth    +.........             (no amulet)
HPRegen  0.10/turn              (no ring)
MPRegen  0.10/turn              (no ring)

@: mighty, brilliant, lethally poisoned (0 -> -10), spider-form (expiring),
resistant
A: tiny, (change form in water), (swift swim), (stealthy swim)
a: End Transformation, Curse Item, Renounce Religion


You were on level 2 of the Dungeon.
You worshipped Ashenzari.
Ashenzari was noncommittal.
You were not hungry.
You were a venomous arachnid creature.
You visited 1 branch of the dungeon, and saw 2 of its levels.

You collected 158 gold pieces.

Inventory:

Missiles
 a - 37 arrows
 h - 6 javelins (quivered)
Armour
 b - a +0 robe (melded)
Scrolls
 c - a scroll of remove curse
 e - a scroll of immolation {unknown}
 f - 2 scrolls of teleportation {unknown}
 g - a scroll of identify {unknown}
 n - a scroll of enchant weapon {unknown}
Potions
 i - a potion of brilliance
 l - a potion of might
Comestibles
 d - 4 rations
 j - 2 chunks of flesh


   Skills:
 - Level 1.1 Fighting
 - Level 2.6 Dodging
 - Level 3.2 Unarmed Combat
 - Level 2.0 Spellcasting
 + Level 5.8 Transmutations
 + Level 1.2 Poison Magic


You had one spell level left.
You knew the following spells:

 Your Spells              Type           Power        Failure   Level  Hunger
a - Spider Form           Tmut/Pois      ###.......   4%          3    ###....
b - Sticks to Snakes      Tmut           ####....     1%          2    ###....
c - Beastly Appendage     Tmut           ####..       1%          1    #......

Your spell library contained the following spells:

 Spells                   Type           Power        Failure   Level  Hunger
 Blade Hands              Tmut           ####......   11%         5    ######.
 Ice Form                 Ice/Tmut       ###.....     13%         4    #####..


Dungeon Overview and Level Annotations

Branches:
Dungeon (2/15)

Altars:
Ashenzari
Sif Muna


Message History

Your transformation is almost over.
* * * LOW HITPOINT WARNING * * *
You feel sick.
You see here an adder corpse.
* * * LOW HITPOINT WARNING * * *
You feel sick.
* * * LOW HITPOINT WARNING * * *
You feel sick.
* * * LOW HITPOINT WARNING * * *
You feel sick.
* * * LOW HITPOINT WARNING * * *
You feel sick.
* * * LOW HITPOINT WARNING * * *
You feel sick.
Found 5 gold pieces.
* * * LOW HITPOINT WARNING * * *
You feel sick.
* * * LOW HITPOINT WARNING * * *
You feel sick.
You die...

#.# #...####.#.
##.# #.#
#........# .....
#.# ##..######
###.# #.###.#..#
#. ######.##.#...#
#.#
#....†.......#####
.
#.####.###.......$
###### #.#
#..###### ......
#.# #s.# ##### ..#
#..# ### #..# #..#
#..# #..# #..#
...# ########
#.......


There were no monsters in sight!

Vanquished Creatures
  4 adders (D:2)
  A worm (D:2)
  A dart slug (D:2)
  5 bats
  3 giant cockroaches
  6 hobgoblins
  8 jackals (D:1)
  A ball python (D:2)
  2 frilled lizards
  5 goblins
  3 kobolds
  5 rats (D:2)
44 creatures vanquished.

Notes
Turn   | Place    | Note
-------+----------+-------------------------------------------
     0 | D:1      | Oravi the Merfolk Transmuter began the quest for the Orb.
     0 | D:1      | Reached XP level 1. HP: 15/15 MP: 3/3
    10 | D:1      | Reached skill level 3 in Transmutations
   104 | D:1      | Reached XP level 2. HP: 18/21 MP: 3/5
   193 | D:1      | Reached skill level 4 in Transmutations
   435 | D:1      | Reached XP level 3. HP: 25/26 MP: 4/6
   441 | D:1      | Learned a level 2 spell: Sticks to Snakes
   445 | D:1      | Learned a level 3 spell: Spider Form
   675 | D:2      | Found a deep blue altar of Sif Muna.
   804 | D:2      | Reached skill level 5 in Transmutations
   843 | D:2      | Found a shattered altar of Ashenzari.
   866 | D:2      | Became a worshipper of Ashenzari the Shackled
   938 | D:2      | Reached XP level 4. HP: 32/32 MP: 4/7
   963 | D:2      | Reached skill level 1 in Poison Magic
  1403 | D:2      | HP: 1/32 [poisoned by an adder]
  1404 | D:2      | Succumbed to an adder's poison

Vault maps used:
D:1:      co_arrival_square_in_a_square_in_a_square
D:2:      lemuel_doored_altar, ashenzari_conservatory_becter, dk_noncrumbling_2

Skill      XL: |  1  2  3  4 |
---------------+-------------+-----
Transmutations | 3 4 5 |  5.8
Poison Magic   | 1 |  1.2
Fighting       | |  1.1
Dodging        | |  2.6
Unarmed Combat | |  3.2
Spellcasting   | |  2.0

Action                   |  1- 3 |  4- 6 || total
-------------------------+-------+-------++-------
Melee: Unarmed           |   102 |    28 ||   130
       Headbutt          |     8 |       ||     8
 Cast: Beastly Appendage |     9 |       ||     9
       Spider Form       |     7 |     8 ||    15
  Use: Potion            |       |     4 ||     4
 Stab: Sleeping          |     5 |     2 ||     7
  Eat: Chunk             |     1 |     3 ||     4
Armor: Robe              |    17 |       ||    17
       Skin              |     1 |       ||     1
Dodge: Dodged            |    74 |    19 ||    93

Table legend:
 A = Spawn XP
 B = Non-spawn XP
 C = Spawn XP percentage of total XP
 D = Spawn monster count
 E = Non-spawn monster count
 F = Spawn count percentage of total count
 G = Total turns spent on level
                    A         B        C        D         E        F      G
               +---------+---------+-------+---------+---------+-------+---------
         Total |       0 |     125 |   0.0 |       0 |      44 |   0.0 |  1404
               +---------+---------+-------+---------+---------+-------+---------
           D:1 |       0 |      37 |   0.0 |       0 |      21 |   0.0 |   654
           D:2 |       0 |      88 |   0.0 |       0 |      23 |   0.0 |   750
               +---------+---------+-------+---------+---------+-------+---------
